 Dungeon Crawl Stone Soup version 0.17-a0-1718-g72dbe4d (webtiles) character file.

104 orochimarko the Skirmisher (level 4, -1/40 HPs)
             Began as a Hill Orc Wanderer on Aug 25, 2015.
             Slain by a worm (6 damage)
             ... on level 3 of the Dungeon on Aug 26, 2015.
             The game lasted 00:33:12 (3398 turns).

orochimarko the Skirmisher (Hill Orc Wanderer)      Turns: 3398, Time: 00:33:13

Health: -1/40      AC:  5    Str: 13    XL:     4   Next: 80%
Magic:  4/4        EV:  7    Int: 13    God:
Gold:   120        SH: 11    Dex: 11    Spells: 0 memorised, 3 levels left

rFire  . . .     SeeInvis .     m - +0 mace
rCold  . . .     Clarity  .     B - +0 leather armour
rNeg   . . .     SustAt   .     H - +0 large shield
rPois  .         Gourm    .     q - +0 helmet
rElec  .         Spirit   .     x - +0 cloak
rCorr  .         Warding  .     (no gloves)
rMut   .         Rnd*Tele +     (no boots)
MR     .....                    n - amulet of faith
Stlth  ++........               (no ring)
                                K - ring of teleportation (curse)

@: not resistant to hostile enchantments, unstealthy
A: no striking features
a: Evoke Teleportation


You were on level 3 of the Dungeon.
You were not hungry.

You visited 1 branch of the dungeon, and saw 3 of its levels.

You collected 120 gold pieces.

Inventory:

Hand weapons
 b - a +0 shortbow
 f - a +0 club
 g - a +0 dagger
 m - a +0 mace (weapon)
 z - a +0 falchion
Missiles
 c - 42 arrows
 i - 183 stones
 l - 4 needles of confusion (quivered)
 w - a throwing net
 J - 14 bolts
Armour
 a - a +0 shield
 e - a +0 robe
 q - a +0 helmet (worn)
 x - a +0 cloak (worn)
 B - a +0 leather armour (worn)
 H - a +0 large shield (worn)
Jewellery
 n - an amulet of faith (around neck)
 K - a cursed ring of teleportation (left hand)
Scrolls
 o - a scroll of noise {unknown}
 t - 2 scrolls of teleportation
 v - a scroll of immolation {unknown}
 y - a scroll of remove curse
 A - a scroll of fear {unknown}
 D - a scroll of identify {unknown}
 F - a scroll of blinking {unknown}
 L - a scroll of enchant armour {unknown}
Potions
 k - 2 potions of mutation {unknown}
 p - a potion of agility {unknown}
 s - a potion of ambrosia {unknown}
 C - a potion of flight {unknown}
 I - a potion of berserk rage {unknown}
Comestibles
 h - a bread ration
 j - a meat ration
 r - a beef jerky
 u - a slice of pizza
 G - 4 fruits


   Skills:
 + Level 4.2 Fighting
 + Level 0.9 Maces & Flails
 + Level 2.8 Bows
 + Level 0.8 Throwing
 + Level 0.2 Armour
 + Level 2.0 Dodging
 + Level 1.8 Stealth
 + Level 2.1 Shields
 + Level 1.1 Unarmed Combat


You had 3 spell levels left.
You didn't know any spells.

Dungeon Overview and Level Annotations

Branches:
Dungeon (3/15)

Altars:
Dithmenos
Trog


Message History

You feel better. The jackal barely misses you. You block the jackal's attack.
The rat bites you but does no damage. x2
You barely miss the jackal.
The rat twitches its whiskers.
The jackal bites you but does no damage.
You block the rat's attack. The rat bites you but does no damage.
You block the jackal's attack.
You thump the jackal!
You kill the jackal!
The rat closely misses you. The rat barely misses you.
You block the rat's attack. The rat bites you.
* * * LOW HITPOINT WARNING * * *
You hit the rat.
You kill the rat!
You block the rat's attack. x2
You barely miss the worm. The rat closely misses you.
The rat barely misses you. You block the rat's attack. The rat bites you.
* * * LOW HITPOINT WARNING * * *
The worm bites you.
You die...

.# #. .# #..
.#
#..##+####
#........#
#.(......#
###........#
...........#
.........wr#
....>....r@#
######+#####


You could see a worm and 2 rats.

Vanquished Creatures
  Ijyb (D:2)
  An adder (D:2)
  An ooze (D:2)
  A worm (D:2)
  2 giant geckos
  2 giant cockroaches
  13 goblins
  6 bats
  A giant newt (D:2)
  13 jackals
  9 kobolds
  A quokka (D:2)
  7 rats
58 creatures vanquished.

Notes
Turn   | Place    | Note
--------------------------------------------------------------
     0 | D:1      | orochimarko the Hill Orc Wanderer began the quest for the Orb.
     0 | D:1      | orochimarko set off with: a +0 shield, a +0 shortbow, 28 arrows, a potion of curing, a +0 robe, a +0 club, a +0 dagger, a bread ration
     0 | D:1      | Reached XP level 1. HP: 19/19 MP: 1/1
   492 | D:1      | Reached XP level 2. HP: 10/27 MP: 2/2
  1635 | D:2      | Reached skill level 4 in Fighting
  1635 | D:2      | Reached XP level 3. HP: 8/33 MP: 3/3
  2063 | D:2      | Reached skill level 1 in Dodging
  2868 | D:2      | Found a bloodstained altar of Trog.
  2890 | D:2      | Reached XP level 4. HP: 27/40 MP: 4/4
  3106 | D:2      | Noticed Ijyb
  3135 | D:2      | Killed Ijyb
  3271 | D:3      | Found a shadowy altar of Dithmenos.
  3393 | D:3      | HP: 1/40 [jackal (3)]
  3398 | D:3      | Slain by a worm

Vault maps used:
D:1:      dpeg_arrival_castle
D:2:      kennysheep_goblin_castle, trog_hazing_becter
D:3:      lemuel_crystal_altar, grunt_dithmenos_smoke, first_bread

Action                   |  1- 3 |  4- 6 || total
-------------------------+-------+-------++-------
Melee: Mace              |   182 |    69 ||   251
       Club              |     7 |       ||     7
Throw: Stone             |    72 |       ||    72
  Use: Scroll            |     1 |     1 ||     2
       Potion            |       |     1 ||     1
  Eat: Bread ration      |     1 |       ||     1
       Chunk             |     2 |     2 ||     4
